 Dungeon Crawl Stone Soup version 0.24.0-10-g970556be89 (webtiles) character file.

Game seed: 15750584286775513816, levelgen mode: deterministic

707 kkkmkkk the Stinger (level 7, -1/41 HPs)
             Began as an Octopode Venom Mage on Nov 4, 2019.
             Was an Initiate of Sif Muna.
             Shot with an arrow by a centaur (7 damage)
             ... on level 5 of the Dungeon.
             The game lasted 00:09:09 (6854 turns).

kkkmkkk the Stinger (Octopode Venom Mage)           Turns: 6854, Time: 00:09:12

Health: -1/41      AC:  1    Str:  7    XL:     7   Next: 67%
Magic:  10/14      EV: 15    Int: 19    God:    Sif Muna [......]
Gold:   171        SH:  0    Dex: 13    Spells: 6/16 levels left

rFire    . . .     SeeInvis .   a - +0 club
rCold    . . .     Gourm    .   (no shield)
rNeg     . . .     Faith    .   (helmet restricted)
rPois    .         Spirit   .   (no amulet)
rElec    .         Reflect  .   (no ring)
rCorr    .         Harm     .   (no ring)
MR       .....                  (no ring)
Stlth    +++.......             (no ring)
HPRegen  0.13/turn              (no ring)
MPRegen  0.14/turn              (no ring)
                                (no ring)
                                (no ring)

@: no status effects
A: almost no armour, stealthy swim, amphibious, 8 rings, constrict 8, camouflage
1, gelatinous body 1
a: Renounce Religion


You were on level 5 of the Dungeon.
You worshipped Sif Muna.
Sif Muna was noncommittal.
You were not hungry.

You visited 2 branches of the dungeon, and saw 6 of its levels.

You collected 171 gold pieces.

Inventory:

Hand Weapons
 a - a +0 club (weapon)
Missiles
 m - 32 poisoned darts (quivered)
Scrolls
 c - a scroll of magic mapping {unknown}
 d - 4 scrolls of identify {unknown}
 f - a scroll of fog {unknown}
 n - a scroll of enchant armour {unknown}
 p - a scroll of teleportation {unknown}
 q - a scroll of fear {unknown}
Potions
 e - 3 potions of magic {unknown}
 g - a potion of mutation {unknown}
 h - 3 potions of brilliance {unknown}
 i - 4 potions of curing
 j - a potion of agility {unknown}
 k - 2 potions of resistance {unknown}
 l - 2 potions of flight {unknown}
 o - a potion of haste {unknown}
Comestibles
 b - 8 rations


   Skills:
 + Level 4.0 Dodging
 - Level 2.6 Stealth
 * Level 5.1 Spellcasting
 + Level 3.6 Conjurations
 + Level 5.6 Poison Magic


You had 6 spell levels left.
You knew the following spells:

 Your Spells              Type           Power        Failure   Level  Hunger
a - Sting                 Conj/Pois      ###.         1%          1    None
b - Poisonous Vapours     Pois/Air       ###...       6%          2    #......
c - Mephitic Cloud        Conj/Pois/Air  ###.....     11%         3    ##.....
d - Olgreb's Toxic Radia  Pois           ####....     12%         4    ####...

Your spell library contained the following spells:

 Spells                   Type           Power        Failure   Level  Hunger
 Venom Bolt               Conj/Pois      ###.......   45%         5    ######.


Dungeon Overview and Level Annotations

Branches:
Dungeon (5/15)             Temple (1/1) D:5

Altars:
Dithmenos
Elyvilon
Gozag
Kikubaaqudgha
Makhleb
Nemelex Xobeh
Ru
Sif Muna
Trog
Uskayaw
Wu Jian
Xom

Annotations:
D:5 Ijyb


Innate Abilities, Weirdness & Mutations

You cannot wear most types of armour.
You are very stealthy in the water. (Stealth+)
You are amphibious.
You can wear up to eight rings at the same time.
You can use your tentacles to constrict eight enemies at once.
Your skin changes colour to match your surroundings (Stealth+).
Your rubbery body absorbs attacks. (AC +1, EV +1)


Message History

Unknown command.
Unknown command.
Unknown command.
Casting: Olgreb's Toxic Radiance (safe; 12% risk of failure)
Confirm with . or Enter, or press ? or * to list all spells.
Okay, then.
Your toxic aura wanes.
You kill the worker ant!
Sif Muna accepts your kill. The orc hits you with a +0 mace!
* * * LOW HITPOINT WARNING * * *
Unknown command.
You feel better.
You kill the orc!
Sif Muna accepts your kill.
The centaur wields a +0 shortbow.
The centaur shoots an arrow.
The arrow hits you!
* * * LOW HITPOINT WARNING * * *
The centaur shoots an arrow.
The arrow hits you!
You die...

##....... ..# . #.......##.##
..... .#.......#...##.....
.........<.###.....
.................?..... ##.
............#...# ..... #...
...........##.8.##....# ....
..........##.....# ...##..##.
.##......##.(#@#.$##.........
............##)##..(.........
.........(.##cc.##...(....g..
.........8....>....8.<.......
..##.......##...##...........
. #.#+#.....##?##......oo....
... +..##..#.#..##.......o.
... ##.. #..... .........# #.
##. #.8.# ..#...##o..


You could see 2 centaurs.

Vanquished Creatures
  Sigmund (D:3)
  An ogre (D:4)
  4 orc priests
  A hound (D:4)
  4 orc wizards
  Terence (D:2)
  A worker ant (D:5)
  4 adders
  2 oozes (D:1)
  6 dart slugs
  4 leopard geckos
  18 orcs
  4 giant cockroaches
  6 goblins
  9 hobgoblins
  4 jackals (D:1)
  2 quokkas
  6 bats
  2 frilled lizards (D:1)
  A jackal zombie (D:5)
  8 kobolds
  A quokka skeleton (D:4)
  12 rats
102 creatures vanquished.

Notes
Turn   | Place    | Note
-------+----------+-------------------------------------------
     0 | D:1      | kkkmkkk the Octopode Venom Mage began the quest for the
                  | Orb.
     0 | D:1      | Reached XP level 1. HP: 11/11 MP: 3/3
    37 | D:1      | Reached XP level 2. HP: 17/17 MP: 0/5
   838 | D:1      | Reached XP level 3. HP: 21/21 MP: 3/6
  1575 | D:1      | Learned a level 2 spell: Poisonous Vapours
  2221 | D:2      | Noticed Terence
  2310 | D:2      | Learned a level 3 spell: Mephitic Cloud
  2355 | D:2      | Reached XP level 4. HP: 27/27 MP: 5/8
  2810 | D:2      | Found a hide-covered altar of Uskayaw.
  3068 | D:2      | Killed Terence
  3819 | D:3      | Reached XP level 5. HP: 31/31 MP: 4/10
  4489 | D:3      | Found a bloodstained altar of Trog.
  4717 | D:3      | Reached XP level 6. HP: 17/36 MP: 0/11
  4925 | D:3      | Found a bloodstained altar of Trog.
  5334 | D:3      | Noticed Sigmund
  5355 | D:3      | Killed Sigmund
  5355 | D:3      | Reached skill level 5 in Poison Magic
  5355 | D:3      | Reached XP level 7. HP: 22/41 MP: 2/13
  5577 | D:3      | Learned a level 4 spell: Olgreb's Toxic Radiance
  6032 | D:4      | Reached skill level 5 in Spellcasting
  6511 | D:5      | Entered Level 5 of the Dungeon
  6511 | D:5      | Found a staircase to the Ecumenical Temple.
  6511 | D:5      | Noticed Ijyb
  6544 | Temple   | Entered the Ecumenical Temple
  6636 | Temple   | Became a worshipper of Sif Muna the Loreminder
  6854 | D:5      | Shot with an arrow by a centaur

Levels and vault maps discovered:
D:1:      minmay_arrival_glassed_features, layout_basic
D:2:      layout_basic, eat_drink_and_be_merry_uskayaw, uniq_terence
D:3:      layout_loops_cross, lemuel_coloured_pillars_altar, first_ration,
          trog_three_pillars_becter, uniq_sigmund
D:4:      layout_cave_pools
D:5:      layout_cave_pools, lemuel_crystal_altar, minmay_temple_entry_waves,
          cheibrodos_sewer_entry_bend, serial_shops, kennysheep_mini,
          st_stairs_12, uniq_ijyb, uniq_pikel, uniq_blork_the_orc
Temple:   compressed_dpeg_circular_temple

Skill      XL: |  1  2  3  4  5  6  7 |
---------------+----------------------+-----
Poison Magic   | 4 5 |  5.6
Spellcasting   | 3 4 5 |  5.1
Conjurations   | 2 3 |  3.6
Dodging        | 3 4 |  4.0
Stealth        | |  2.6

Action                   |  1- 3 |  4- 6 |  7- 9 || total
-------------------------+-------+-------+-------++-------
Melee: Unarmed           |     3 |       |       ||     3
       Tentacles         |     2 |     3 |     1 ||     6
       Constrict         |     2 |     6 |     3 ||    11
       Club              |    21 |    11 |     9 ||    41
 Cast: Sting             |    54 |    52 |    14 ||   120
       Poisonous Vapours |     4 |    43 |    28 ||    75
       Mephitic Cloud    |       |     1 |     2 ||     3
       Olgreb's Toxic Ra |       |       |     1 ||     1
  Use: Potion            |       |       |     1 ||     1
 Stab: Confused          |       |       |     1 ||     1
  Eat: Chunk             |     5 |    11 |     2 ||    18
       Ration            |       |       |     1 ||     1
Armor: Skin              |     2 |       |       ||     2
Dodge: Dodged            |    37 |    16 |    18 ||    71
